 Dungeon Crawl Stone Soup version 0.30.0-19-g36f170ea60 (webtiles) character file.

Game seed: 3386468468555567324

1859 cdecastro the Thaumaturge (level 9, 0/67 HPs)
             Began as a Djinni Ice Elementalist on May 28, 2023.
             Slain by a bullfrog (5 damage)
             ... on level 7 of the Dungeon.
             The game lasted 00:11:36 (4002 turns).

cdecastro the Thaumaturge (Djinni Ice Elementalist) Turns: 4002, Time: 00:11:37

Health: 0/67       AC:  6    Str:  7    XL:     9   Next: 35%
Gold:   165        EV: 12    Int: 20    God:
                   SH:  0    Dex: 15

rFire   + + .        D - +2 whip (elec)
rCold   . . .        (no shield)
rNeg    . . .        B - +0 steam dragon scales
rPois   ∞            (no helmet)
rElec   .            t - +0 cloak
rCorr   .            (no gloves)
SInv    .            (boots unavailable)
Will    .....        (no amulet)
Stlth   ++           i - ring of protection from fire
HPRegen 0.31/turn    r - ring of ice
MPRegen 0.00/turn

%: infuse magic (-1 HP)
@: flying
A: sickness immunity, fire resistance 2, cold vulnerability 1, float, innate
caster, HP casting, extra vitality 1
a: no special abilities


You were on level 7 of the Dungeon.
You visited 2 branches of the dungeon, and saw 8 of its levels.

You collected 165 gold pieces.

Inventory:

Hand Weapons
 g - a +2 dagger of speed
 A - a +2 scimitar of flaming
 D - a +2 whip of electrocution (weapon)
Armour
 a - a +0 robe
 t - a +0 cloak (worn)
 B - +0 steam dragon scales (worn)
Jewellery
 i - a ring of protection from fire (left hand)
 o - a ring of fire
 r - a ring of ice (right hand)
 C - a ring of resist corrosion
Wands
 w - a wand of flame (8)
Scrolls
 d - a scroll of poison {unknown}
 j - 2 scrolls of silence {unknown}
 m - 2 scrolls of fog {unknown}
 p - a scroll of magic mapping {unknown}
 q - a scroll of teleportation {unknown}
 s - 3 scrolls of identify {unknown}
 v - a scroll of blinking {unknown}
 x - a scroll of immolation {unknown}
 y - a scroll of fear {unknown}
Potions
 b - 3 potions of haste {unknown}
 c - a potion of cancellation {unknown}
 e - a potion of brilliance {unknown}
 f - a potion of might {unknown}
 h - a potion of degeneration {unknown}
 k - 2 potions of curing {unknown}
 l - 2 potions of heal wounds {unknown}
 n - a potion of ambrosia {unknown}
 u - 5 potions of attraction {unknown}
 z - a potion of flight {unknown}


   Skills:
 + Level 6.6 Fighting
 - Level 2.1 Dodging
 - Level 1.5 Stealth
 - Level 8.0 Spellcasting


You knew the following spells:

 Your Spells              Type           Power      Damage    Failure   Level
a - Freeze                Ice            100%       1d10      1%          1
b - Frozen Ramparts       Ice            100%       1d16      1%          3
c - Ozocubu's Armour      Ice            56%        N/A       1%          3
d - Summon Ice Beast      Ice/Summ       56%        N/A       3%          4
e - Summon Small Mammal   Summ           100%       N/A       1%          1
f - Searing Ray           Conj           80%        2d7       1%          2
g - Hailstorm             Conj/Ice       56%        3d12      1%          3
h - Fulminant Prism       Conj/Hex       20%        3d12      3%          4
Your spell library was empty.

Dungeon Overview and Level Annotations

Branches:
Dungeon (8/15)             Temple (1/1) D:7
   Lair: D:8-11

Altars:
Cheibriados
Elyvilon
Fedhas
Gozag
Hepliaklqana
Makhleb
Trog
Wu Jian
Xom
Yredelemnul
Zin
The Shining One

Annotations:
D:2 1 runed translucent door, Crazy Yiuf
D:4 ice beast


Innate Abilities, Weirdness & Mutations

You are immune to sickness and miasma.
You are immune to poison.
Your flesh is very heat resistant. (rF++)
You are vulnerable to cold. (rC-)
You float through the air rather than walking.
You learn spells naturally, not from books.
Your magical power is your life essence.
You have superior vitality. (+4 MHP)


Message History

The walls around you are covered in ice.
* * * LOW HITPOINT WARNING * * *
The wall freezes the orc!
You kill the orc!
The wall freezes the lemure but does no damage.
The wall freezes Pikel!
Pikel hits you but does no damage.
You are electrocuted!
* * * LOW HITPOINT WARNING * * *
Your fulminant prism explodes!
The blast of energy engulfs Pikel!
You kill Pikel!
The blast of energy engulfs the lemure!!
You kill the lemure!
That felt strangely unrewarding.
With Pikel's spell broken, his former minion thanks you for its freedom.
You hear a shout!
Your Fighting skill gained 2 levels and is now at level 6!
Unknown command.
Your icy armour cracks and falls away as you move.
The frozen ramparts melt away as you move.
Things that are here:
a +2 whip of electrocution; a +0 robe You swap places.
Things that are here:
a +2 whip of electrocution; a +0 robe
D - a +2 whip of electrocution You hear the crackle of electricity.
D - a +2 whip of electrocution (weapon)
Things that are here:
a +0 club; a +0 leather armour; an orc corpse You swap places.
A bullfrog comes into view.
The bullfrog moves out of view.
The bullfrog closely misses you.
Your ice beast misses the bullfrog.
The bullfrog hits you but does no damage.
You barely miss the bullfrog. The bullfrog hits you!
* * * LOW HITPOINT WARNING * * *
Your ice beast misses the bullfrog.
The bullfrog hits you.
You die...

..#.# .#..# ..# >...#
..### .#..# #
######.... ..#...#
#....#...# ......#
#....#...# ..#.....
#....#...
#.'.....#####)..Y#.#.#
#.#...#.#...[...@F...#
.†.......'..######.###
######.......# .# #
#..###..# ## #
#..#_'..# # #..###..#
# #.......# #
##).....#
#######).....#


You could see a bullfrog (ally target) and a friendly ice beast (summoned).

Vanquished Creatures
  Pikel (D:7)
  Maggie (D:7)
  A hornet (D:7)
  A yak (D:8)
  An ogre (D:5)
  4 lemures (D:7)
  A phantom (D:5)
  2 scorpions (D:5)
  3 hounds
  2 orc priests (D:8)
  2 iguanas
  5 orc wizards
  A sleepcap (D:7)
  3 adders
  2 ufetubi
  2 worms
  2 dart slugs
  15 orcs
  4 ball pythons
  9 endoplasms
  2 giant cockroaches
  5 goblins
  6 hobgoblins
  5 kobolds
  5 quokkas
  5 bats
  3 frilled lizards
  7 rats
100 creatures vanquished.

Vanquished Creatures (collateral kills)
  A hound (D:7)
1 creature vanquished.

Vanquished Creatures (others)
  A fulminant prism (D:7)
1 creature vanquished.

Grand Total: 102 creatures vanquished

Notes
Turn   | Place    | Note
-------+----------+-------------------------------------------
     0 | D:1      | cdecastro the Djinni Ice Elementalist began the quest for
                  | the Orb.
     0 | D:1      | cdecastro set off with the following spells memorised:
                  | Freeze, Frozen Ramparts, Ozocubu's Armour, Summon Ice
                  | Beast.
     0 | D:1      | Reached XP level 1. HP: 15/15 MP: 0/0
    47 | D:1      | Reached XP level 2. HP: 8/21 MP: 0/0
   347 | D:1      | Reached XP level 3. HP: 25/25 MP: 0/0
   347 | D:1      | Learned a level 1 spell: Summon Small Mammal
   542 | D:2      | Reached skill level 4 in Spellcasting
   891 | D:2      | Found a runed translucent door.
   892 | D:2      | Noticed Crazy Yiuf
  1077 | D:2      | Reached XP level 4. HP: 16/31 MP: 0/0
  2056 | D:4      | Found a bloodstained altar of Trog.
  2167 | D:4      | Reached XP level 5. HP: 6/35 MP: 0/0
  2167 | D:4      | Learned a level 2 spell: Searing Ray
  2297 | D:4      | Noticed an ice beast
  2383 | D:5      | Entered Level 5 of the Dungeon
  2392 | D:5      | Reached skill level 5 in Spellcasting
  2495 | D:5      | Reached XP level 6. HP: 16/40 MP: 0/0
  2640 | D:5      | Noticed an ogre
  2764 | D:5      | Killed an ogre
  2765 | D:5      | Reached skill level 6 in Spellcasting
  2984 | D:5      | Reached XP level 7. HP: 36/45 MP: 0/0
  2984 | D:5      | Learned a level 3 spell: Hailstorm
  3118 | D:5      | You are sucked into a shaft and drop 3 floors!
  3494 | D:8      | Noticed a yak
  3508 | D:8      | Killed a yak
  3639 | D:8      | Reached skill level 7 in Spellcasting
  3674 | D:7      | Noticed Maggie
  3689 | D:7      | Killed Maggie
  3690 | D:7      | Reached XP level 8. HP: 30/50 MP: 0/0
  3708 | D:7      | Found a staircase to the Ecumenical Temple.
  3718 | Temple   | Entered the Ecumenical Temple
  3787 | D:7      | Reached skill level 8 in Spellcasting
  3838 | D:7      | Reached skill level 1 in Fighting
  3883 | D:7      | Noticed a hornet
  3892 | D:7      | Killed a hornet
  3964 | D:7      | Found an opulent altar of Gozag.
  3970 | D:7      | Noticed Pikel
  3980 | D:7      | Reached XP level 9. HP: 44/62 MP: 0/0
  3980 | D:7      | Learned a level 4 spell: Fulminant Prism
  3989 | D:7      | Killed Pikel
  4002 | D:7      | Slain by a bullfrog

Illustrated notes

Levels and vault maps discovered:
D:1:      scummos_arrival_simple_fountains, layout_rooms, minmay_domino_2
D:2:      layout_loops_ring, mrwooster_statue_mirror, kennysheep_potato,
          uniq_crazy_yiuf_cottage
D:3:      layout_rooms
D:4:      layout_gridville, amcnicky_altar_gilded, mainiacjoe_overflow_boulevard
D:5:      layout_basic, hellmonk_okawaru_the_only_friend_you_need
D:7:      lemuel_castle_with_subvaults [lemuel_castle_interior_carwin_3],
          layout_basic, kennysheep_mini_moat, minmay_temple_entry_crystal_x,
          enter_bailey_4, hangedman_glass_teeth, uniq_pikel, uniq_maggie,
          uniq_menkaure
D:8:      layout_basic
Temple:   cyrus_circular_temple

Skill      XL: |  1  2  3  4  5  6  7  8  9 |
---------------+----------------------------+-----
Spellcasting   | 4 5 6 7 8 |  8.0
Fighting       | 4 6 |  6.6
Dodging        | |  2.1
Stealth        | |  1.5

Action                     |  1- 3 |  4- 6 |  7- 9 || total
---------------------------+-------+-------+-------++-------
  Melee: Unarmed           |     2 |       |       ||     2
         Dagger            |    65 |   119 |    88 ||   272
         Punch             |       |     3 |     1 ||     4
         Whip              |       |       |     1 ||     1
   Cast: Freeze            |    29 |     7 |       ||    36
         Frozen Ramparts   |       |     4 |    15 ||    19
         Ozocubu's Armour  |       |     1 |     5 ||     6
         Searing Ray       |       |     1 |     1 ||     2
         Summon Ice Beast  |       |       |     2 ||     2
         Fulminant Prism   |       |       |     1 ||     1
   Stab: Sleeping          |     2 |     1 |       ||     3
 Armour: Robe              |     6 |    18 |    17 ||    41
         Steam dragon scal |       |       |    19 ||    19
  Dodge: Dodged            |    27 |    62 |    32 ||   121
